Red Wings vs Predators (R1)

Created - March 1, 2020 at 07:53

Goals
1 2 3 T
Red Wings 2 1 3 6
Predators 1 1 1 3
Shots
1 2 3 T
Red Wings 5 8 11 24
Predators 16 9 6 31

1st period

1. Red Wings , Mike Richards 19 (Connor Brown 25, Alex Picard 10) at 0:16
2. Predators , Mikael Granlund 20 (Brendan Gallagher 29, James Van Riemsdyk 14) at 3:01 (PP)
3. Red Wings , Dany Heatley 7 (David Krejci 16) at 13:43

Penalties :
Mike Richards (Det) for High sticking (Minor) at 2:44, Mikael Granlund (Nas) for Roughing (Minor) at 4:38, Byron Bitz (Nas) for Roughing (Minor) at 14:44

2nd period

4. Predators , Mikael Granlund 21 (Brendan Gallagher 30, Denis Grebeshkov 5) at 16:48
5. Red Wings , Nick Bjugstad 11 (Tomas Kopecky 15, Tye McGinn 1) at 17:10

Penalties :
Connor Brown (Det) for Holding (Minor) at 9:09, Niclas Bergfors (Nas) for Hooking (Minor) at 9:27, Ryan O'Byrne (Det) for Elbowing (Minor) at 13:51, Mikael Granlund (Nas) for Slashing (Minor) at 18:44

3rd period

6. Red Wings , Mike Richards 20 (Ole-Kristian Tollefsen 22, Alex Picard 11) at 4:58 (PP)
7. Predators , Niclas Bergfors 26 (Adam Burish 3, Alexander Edler 26) at 7:34
8. Red Wings , Tomas Kopecky 13 (Tye McGinn 2, Nick Bjugstad 17) at 11:40
9. Red Wings , Alex Picard 16 (Connor Brown 26, Ole-Kristian Tollefsen 23) at 15:04

Penalties :
Niclas Bergfors (Nas) for High sticking (Double Minor) at 3:47, Petr Pohl (Det) for Interference (Minor) at 9:03, Mikael Granlund (Nas) for High sticking (Double Minor) at 17:29

Goalie Stats

Jean-Francois Berube (Det), 28 saves from 31 shots - (0.903), W, 3-1-0, 60:00 minutes
Anders Lindback (Nas), 4 saves from 6 shots - (0.667), 15:02 minutes
Viktor Fasth (Nas), 14 saves from 18 shots - (0.778), L, 23-12-4, 44:58 minutes

Players Stats for Red Wings

Player Name              G  A  P  +/- PIM S  H  SB GA TA FO     MP     PP MP  PK MP  
------------------------------------------------------------------------------------
Alex Picard              1  2  3   2  0   1  1  1  0  0  0/0    20:17   6:02   0:38 
Andrew Alberts           0  0  0   0  0   0  0  1  0  0  0/0    12:53   0:00   2:25 
Carson Mcmillan          0  0  0   1  0   1  0  0  0  0  0/0    11:13   0:00   2:12 
Connor Brown             0  2  2   2  2   1  2  0  0  0  0/0    18:22   6:02   0:00 
Dany Heatley             1  0  1   0  0   3  1  1  1  0  1/2    12:55   0:22   2:14 
David Krejci             0  1  1   0  0   2  4  0  0  0  3/9    12:46   0:22   1:57 
Jiri Fischer             0  0  0   1  0   0  2  0  0  0  0/0    24:50   5:03   2:13 
Karl Alzner              0  0  0  -1  0   0  1  1  1  2  0/0    19:28   5:03   2:20 
Maxim Lapierre           0  0  0  -1  0   1  0  0  0  0  0/3     7:02   0:00   0:00 
Michael Haley            0  0  0  -1  0   0  2  0  0  0  0/0     9:07   0:00   2:05 
Mike Richards            2  0  2   2  2   4  4  0  0  0  7/20   19:17   6:02   0:00 
Nick Bjugstad            1  1  2   2  0   1  1  0  2  0  14/22  18:30   5:31   0:00 
Ole-Kristian Tollefsen   0  2  2   1  0   2  0  1  0  0  0/0    22:45   6:37   0:52 
Petr Pohl                0  0  0  -2  2   2  3  0  0  0  0/0     8:23   0:22   0:00 
Philip Samuelsson        0  0  0   2  0   2  0  0  1  0  0/0    22:36   6:52   0:00 
Ryan O'Byrne             0  0  0   3  2   0  1  3  1  0  0/0    17:32   0:15   1:16 
Tomas Kopecky            1  1  2   2  0   2  0  0  0  0  0/1    17:53   5:31   0:00 
Tye McGinn               0  2  2   2  0   2  0  0  0  1  1/1    17:53   5:31   0:00 

Players Stats for Predators

Player Name              G  A  P  +/- PIM S  H  SB GA TA FO     MP     PP MP  PK MP  
------------------------------------------------------------------------------------
Adam Burish              0  1  1   1  0   2  1  0  0  0  1/1    13:29   0:01   6:21 
Alexander Edler          0  1  1  -2  0   2  1  2  0  1  0/0    27:02   2:42   6:54 
Alexander Ovechkin       0  0  0  -3  0   4  5  0  0  0  1/1    21:51   2:16   4:40 
Alexander Steen          0  0  0  -2  0   1  1  1  1  0  0/0     9:39   0:01   0:44 
Andy Miele               0  0  0  -1  0   1  1  1  0  0  7/11   16:19   0:02   6:28 
Brendan Gallagher        0  2  2   1  0   1  5  0  1  0  0/0    16:26   2:16   2:08 
Byron Bitz               0  0  0  -2  2   0  1  1  0  1  2/2    11:00   0:00   2:38 
Denis Grebeshkov         0  1  1   0  0   1  0  1  0  0  0/0     9:10   0:00   0:00 
James Van Riemsdyk       0  1  1   1  0   1  1  0  0  0  1/2    14:17   2:16   0:00 
John Moore               0  0  0  -1  0   2  1  0  0  0  0/0    23:44   1:51   5:04 
Justin Abdelkader        0  0  0   0  0   3  0  0  0  1  0/1     6:56   0:00   0:00 
Mikael Granlund          2  0  2   1  8   4  2  0  1  0  7/11   15:06   2:16   0:21 
Nate Schmidt             0  0  0   0  0   0  0  0  0  0  0/0    14:45   0:00   5:01 
Niclas Bergfors          1  0  1  -2  6   6  1  0  0  0  0/0    17:13   2:15   0:00 
Nik Antropov             0  0  0   0  0   1  0  0  0  0  1/2     6:33   0:00   0:30 
Ryan Kesler              0  0  0  -3  0   1  1  0  0  1  12/27  17:29   2:15   0:00 
Ryan Mcdonagh            0  0  0  -2  0   1  2  3  0  1  0/0    27:03   2:42   6:49 
Ryan Murray              0  0  0  -1  0   0  0  0  0  1  0/0    18:16   1:51   0:02 

3 Stars

1 - Alex Picard (Det)
2 - Mike Richards (Det)
3 - Nick Bjugstad (Det)

Power Play

Red Wings - 1 on 8 Attempt(s) - 12.50%
Predators - 1 on 4 Attempt(s) - 25.00%

Penalty Kill

Red Wings - 3 on 4 Attempt(s) - 75.00% - Score 0 goal in Penalty Kill
Predators - 7 on 8 Attempt(s) - 87.50% - Score 0 goal in Penalty Kill

Team Stat

Red Wings - Hits : 22 - Faceoff Wins : 26 - Blocked Shots : 8 - Penalty Minutes : 8
Predators - Hits : 23 - Faceoff Wins : 32 - Blocked Shots : 9 - Penalty Minutes : 16

Official

Referees : Unknown
Linesman : Unknown

Game Notes

Anders Lindback enters game at 4:58 of 3rd period

Finance

Level 1 -- Attendance: 4677 (77.95%) -- Ticket Income $514,470
Level 2 -- Attendance: 4208 (84.16%) -- Ticket Income $294,560
Level 3 -- Attendance: 1456 (72.80%) -- Ticket Income $65,520
Level 4 -- Attendance: 3567 (89.18%) -- Ticket Income $107,010
Luxury Box -- Attendance: 704 (70.40%) -- Ticket Income $140,800
Game was played at the Wildcat center.
Total Attendance: 14612 (81.18%)
Total Ticket Income: $1,122,360
Other Income: $168,354
Total Income: $1,290,714

Red Wings

5 vs 5 Forward 
   Center                   Left Wing                Right Wing               Time % Phy DF OF 
 1 Mike Richards            Alex Picard              Connor Brown             38     0   2  3  
 2 Nick Bjugstad            Tye McGinn               Tomas Kopecky            37     0   2  3  
 3 David Krejci             Dany Heatley             Carson Mcmillan          15     0   3  2  
 4 Maxim Lapierre           Michael Haley            Petr Pohl                10     0   3  2  

5 vs 5 Defense 
   Defense                  Defense                                           Time % Phy DF OF 
 1 Ryan O'Byrne             Philip Samuelsson                                 35     0   3  2  
 2 Ole-Kristian Tollefsen   Jiri Fischer                                      35     0   3  2  
 3 Karl Alzner              Andrew Alberts                                    20     0   3  2  
 4 Karl Alzner              Andrew Alberts                                    10     0   3  2  

PowerPlay Forward 
   Center                   Left Wing                Right Wing               Time % Phy DF OF 
 1 Mike Richards            Alex Picard              Connor Brown             55     0   1  4  
 2 Nick Bjugstad            Tye McGinn               Tomas Kopecky            45     0   1  4  

PowerPlay Defense
   Defense                  Defense                                           Time % Phy DF OF 
 1 Philip Samuelsson        Ole-Kristian Tollefsen                            60     0   2  3  
 2 Jiri Fischer             Karl Alzner                                       40     0   2  3  

Penalty Kill 4 Players Forward 
   Center                   Wing                     Time % Phy DF OF 
 1 David Krejci             Carson Mcmillan          50     1   2  2  
 2 Dany Heatley             Michael Haley            50     1   2  2  

Penalty Kill 4 Players Defense
   Defense                  Defense                  Time % Phy DF OF 
 1 Ryan O'Byrne             Jiri Fischer             50     1   2  2  
 2 Karl Alzner              Andrew Alberts           50     1   2  2  

Penalty Kill - 3 Players Forward 
   Forward                                           Time % Phy DF OF 
 1 Carson Mcmillan                                   60     1   2  2  
 2 Michael Haley                                     40     1   2  2  

Penalty Kill - 3 Players Defense
   Defense                  Defense                  Time % Phy DF OF 
 1 Ryan O'Byrne             Jiri Fischer             50     1   2  2  
 2 Karl Alzner              Andrew Alberts           50     1   2  2  

4 vs 4 Forward 
   Center                   Wing                     Time % Phy DF OF 
 1 Mike Richards            Connor Brown             60     1   2  2  
 2 Nick Bjugstad            Alex Picard              40     1   2  2  

4 vs 4 Defense
   Defense                  Defense                  Time % Phy DF OF 
 1 Ryan O'Byrne             Philip Samuelsson        60     1   2  2  
 2 Ole-Kristian Tollefsen   Jiri Fischer             40     1   2  2  

Last Minutes Offensive
   Center                   Left Wing                Right Wing               Defense                  Defense                  
   Mike Richards            Alex Picard              Connor Brown             Ole-Kristian Tollefsen   Karl Alzner              

Last Minutes Defensive
   Center                   Left Wing                Right Wing               Defense                  Defense                  
   Dany Heatley             Michael Haley            Carson Mcmillan          Andrew Alberts           Ryan O'Byrne             

Goaltenders
Starting : Jean-Francois Berube     
Backup : James Reimer             

Extra Forwards
Normal : Mike Richards, Connor Brown, David Krejci - PP : David Krejci, Alex Picard - PK : Alex Picard
Extra Defensemen
Normal : Jiri Fischer, Ole-Kristian Tollefsen, Karl Alzner - PP : Ryan O'Byrne - PK : Ole-Kristian Tollefsen, Karl Alzner
Penalty Shots
Mike Richards, Carson Mcmillan, Nick Bjugstad, Alex Picard, Dany Heatley

Scratches
Anton Volchenkov (Healthy), Chris Kelly (Healthy), Riley Armstrong (Healthy), Josh Harding (Healthy)

Predators

5 vs 5 Forward 
   Center                   Left Wing                Right Wing               Time % Phy DF OF 
 1 Ryan Kesler              Alexander Ovechkin       Niclas Bergfors          40     1   1  3  
 2 Mikael Granlund          James Van Riemsdyk       Brendan Gallagher        30     1   2  2  
 3 Andy Miele               Alexander Steen          Byron Bitz               20     1   2  2  
 4 Nik Antropov             Justin Abdelkader        Adam Burish              10     1   2  2  

5 vs 5 Defense 
   Defense                  Defense                                           Time % Phy DF OF 
 1 Ryan Mcdonagh            Alexander Edler                                   37     1   2  2  
 2 John Moore               Ryan Murray                                       33     1   2  2  
 3 Nate Schmidt             Denis Grebeshkov                                  20     1   2  2  
 4 Ryan Mcdonagh            Alexander Edler                                   10     1   2  2  

PowerPlay Forward 
   Center                   Left Wing                Right Wing               Time % Phy DF OF 
 1 Ryan Kesler              Alexander Ovechkin       Niclas Bergfors          60     1   1  3  
 2 Mikael Granlund          James Van Riemsdyk       Brendan Gallagher        40     1   1  3  

PowerPlay Defense
   Defense                  Defense                                           Time % Phy DF OF 
 1 Ryan Mcdonagh            Alexander Edler                                   51     1   1  3  
 2 John Moore               Ryan Murray                                       49     1   1  3  

Penalty Kill 4 Players Forward 
   Center                   Wing                     Time % Phy DF OF 
 1 Andy Miele               Adam Burish              60     1   2  2  
 2 Alexander Ovechkin       Byron Bitz               40     1   2  2  

Penalty Kill 4 Players Defense
   Defense                  Defense                  Time % Phy DF OF 
 1 Ryan Mcdonagh            Alexander Edler          60     1   2  2  
 2 John Moore               Nate Schmidt             40     1   2  2  

Penalty Kill - 3 Players Forward 
   Forward                                           Time % Phy DF OF 
 1 Adam Burish                                       60     1   3  1  
 2 Brendan Gallagher                                 40     1   3  1  

Penalty Kill - 3 Players Defense
   Defense                  Defense                  Time % Phy DF OF 
 1 Ryan Mcdonagh            Alexander Edler          60     1   3  1  
 2 John Moore               Nate Schmidt             40     1   3  1  

4 vs 4 Forward 
   Center                   Wing                     Time % Phy DF OF 
 1 Ryan Kesler              Alexander Ovechkin       60     1   2  2  
 2 Mikael Granlund          Niclas Bergfors          40     1   2  2  

4 vs 4 Defense
   Defense                  Defense                  Time % Phy DF OF 
 1 Ryan Mcdonagh            Ryan Murray              60     1   2  2  
 2 John Moore               Alexander Edler          40     1   2  2  

Last Minutes Offensive
   Center                   Left Wing                Right Wing               Defense                  Defense                  
   Ryan Kesler              Alexander Ovechkin       Niclas Bergfors          Ryan Mcdonagh            Alexander Edler          

Last Minutes Defensive
   Center                   Left Wing                Right Wing               Defense                  Defense                  
   Ryan Kesler              Alexander Ovechkin       Brendan Gallagher        John Moore               Ryan Mcdonagh            

Goaltenders
Starting : Viktor Fasth             
Backup : Anders Lindback          

Extra Forwards
Normal : Justin Abdelkader, Andy Miele, Alexander Steen - PP : James Van Riemsdyk, Andy Miele - PK : Brendan Gallagher
Extra Defensemen
Normal : Ryan Mcdonagh, Ryan Murray, Denis Grebeshkov - PP : Denis Grebeshkov - PK : Ryan Murray, Nate Schmidt
Penalty Shots
Alexander Ovechkin, Niclas Bergfors, Andy Miele, Mikael Granlund, James Van Riemsdyk

Scratches
Dmitri Kalinin (Healthy)

% Time on Ice - Red Wings

Lines # - Real PCT - Wanted PCT - Time Play
Normal Forward
1 - 31% - 38% - 13:03
2 - 30% - 37% - 12:45
3 - 22% - 15% - 9:01
4 - 17% - 10% - 7:02
Normal Defense
1 - 37% - 35% - 15:41
2 - 38% - 35% - 16:01
3 - 19% - 20% - 7:55
4 - 5% - 10% - 2:14
PP Forward
1 - 54% - 55% - 6:24
2 - 46% - 45% - 5:31
PP Defense
1 - 58% - 60% - 6:52
2 - 42% - 40% - 5:03
PK Forward
1 - 49% - 50% - 2:13
2 - 51% - 50% - 2:20
PK Defense
1 - 53% - 50% - 2:26
2 - 47% - 50% - 2:07
PK3 Forward
1 - 0% - 60%
2 - 0% - 40%
PK3 Defense
1 - 0% - 50%
2 - 0% - 50%
44 Forward
1 - 100% - 60% - 1:41
2 - 0% - 40% - 0:00
44 Defense
1 - 61% - 60% - 1:02
2 - 39% - 40% - 0:39
Last Minute Offensive  - 0:00
Last Minute Defensive  - 0:00
Total
Forward - 60:00
Defense - 60:00

% Time on Ice - Predators

Lines # - Real PCT - Wanted PCT - Time Play
Normal Forward
1 - 37% - 40% - 15:24
2 - 29% - 30% - 12:01
3 - 20% - 20% - 8:23
4 - 14% - 10% - 6:03
Normal Defense
1 - 38% - 37% - 15:48
2 - 38% - 33% - 16:02
3 - 22% - 20% - 9:10
4 - 2% - 10% - 0:51
PP Forward
1 - 50% - 60% - 2:17
2 - 50% - 40% - 2:16
PP Defense
1 - 59% - 51% - 2:42
2 - 41% - 49% - 1:51
PK Forward
1 - 73% - 60% - 8:40
2 - 27% - 40% - 3:15
PK Defense
1 - 57% - 60% - 6:51
2 - 43% - 40% - 5:04
PK3 Forward
1 - 0% - 60%
2 - 0% - 40%
PK3 Defense
1 - 0% - 60%
2 - 0% - 40%
44 Forward
1 - 70% - 60% - 1:11
2 - 30% - 40% - 0:30
44 Defense
1 - 53% - 60% - 0:54
2 - 47% - 40% - 0:47
Last Minute Offensive  - 0:00
Last Minute Defensive  - 0:00
Total
Forward - 60:00
Defense - 60:00

Play-by-Play

1st period


0:01 of 1st period - Mike Richards wins face-off versus Ryan Kesler in neutral zone.
0:16 of 1st period - Wrist shot by Mike Richards.
0:16 of 1st period - Goal by Mike Richards - Red Wings : 1 - Predators : 0.
0:17 of 1st period - Mikael Granlund wins face-off versus Nick Bjugstad in neutral zone.
0:26 of 1st period - Tomas Kopecky is hit by Brendan Gallagher and loses puck.
0:43 of 1st period - Jiri Fischer is hit by John Moore and loses puck.
0:50 of 1st period - Snap shot by Justin Abdelkader.
0:50 of 1st period - Shot Misses the Net.
0:52 of 1st period - Slapshot by John Moore.
0:52 of 1st period - Shot Blocked by Karl Alzner.
0:54 of 1st period - Slapshot by John Moore.
0:54 of 1st period - Stopped by Jean-Francois Berube with a rebound.
0:56 of 1st period - Snap shot by John Moore.
0:56 of 1st period - Deflect By Adam Burish.
0:56 of 1st period - Shot Blocked by Andrew Alberts.
0:56 of 1st period - Puck is out of play.
0:57 of 1st period - David Krejci wins face-off versus Andy Miele in Red Wings zone.
1:22 of 1st period - Denis Grebeshkov is hit by Alex Picard and loses puck.
1:45 of 1st period - Wrist shot by Maxim Lapierre.
1:45 of 1st period - Stopped by Viktor Fasth without a rebound.
1:46 of 1st period - Mikael Granlund wins face-off versus Maxim Lapierre in Predators zone.
2:01 of 1st period - Wrist shot by Maxim Lapierre.
2:01 of 1st period - Deflect By Petr Pohl.
2:01 of 1st period - Shot Misses the Net.
2:01 of 1st period - Puck is out of play.
2:02 of 1st period - Ryan Kesler wins face-off versus Mike Richards in Predators zone.
2:09 of 1st period - Snap shot by Alexander Ovechkin.
2:09 of 1st period - Stopped by Jean-Francois Berube without a rebound.
2:10 of 1st period - Mike Richards wins face-off versus Ryan Kesler in Red Wings zone.
2:44 of 1st period - Minor Penalty to Mike Richards for High sticking.
2:45 of 1st period - Mikael Granlund wins face-off versus David Krejci in Red Wings zone.
2:59 of 1st period - Snap shot by Mikael Granlund.
2:59 of 1st period - Stopped by Jean-Francois Berube with a rebound.
3:01 of 1st period - Slapshot by Mikael Granlund.
3:01 of 1st period - Goal by Mikael Granlund - Red Wings : 1 - Predators : 1.
3:02 of 1st period - Byron Bitz wins face-off versus Tomas Kopecky in neutral zone.
3:07 of 1st period - Wrist shot by Alexander Steen.
3:07 of 1st period - Stopped by Jean-Francois Berube with a rebound.
3:27 of 1st period - David Krejci is hit by Alexander Edler and loses puck.
3:36 of 1st period - Snap shot by Brendan Gallagher.
3:36 of 1st period - Shot Blocked by Dany Heatley.
4:12 of 1st period - Snap shot by Justin Abdelkader.
4:12 of 1st period - Deflect By Adam Burish.
4:12 of 1st period - Shot Misses the Net.
4:12 of 1st period - Puck is out of play.
4:13 of 1st period - Nick Bjugstad wins face-off versus Nik Antropov in Red Wings zone.
4:20 of 1st period - Wrist shot by Justin Abdelkader.
4:20 of 1st period - Stopped by Jean-Francois Berube with a rebound.
4:22 of 1st period - Slapshot by Nik Antropov.
4:22 of 1st period - Stopped by Jean-Francois Berube without a rebound.
4:23 of 1st period - Mikael Granlund wins face-off versus Nick Bjugstad in Red Wings zone.
4:24 of 1st period - Wrist shot by Alexander Edler.
4:24 of 1st period - Stopped by Jean-Francois Berube without a rebound.
4:25 of 1st period - Nick Bjugstad wins face-off versus Mikael Granlund in Red Wings zone.
4:30 of 1st period - Ryan O'Byrne is hit by James Van Riemsdyk and loses puck.
4:38 of 1st period - Minor Penalty to Mikael Granlund for Roughing.
4:39 of 1st period - Andy Miele wins face-off versus Mike Richards in Predators zone.
5:13 of 1st period - Wrist shot by Tomas Kopecky.
5:13 of 1st period - Shot Blocked by Ryan Mcdonagh.
6:38 of 1st period - Penalty to Mikael Granlund is over, Mikael Granlund is back on ice.
7:17 of 1st period - Adam Burish is hit by Michael Haley and loses puck.
7:43 of 1st period - Byron Bitz is hit by Connor Brown and loses puck.
8:16 of 1st period - Wrist shot by Mikael Granlund.
8:16 of 1st period - Shot Blocked by Alex Picard.
9:25 of 1st period - Slapshot by David Krejci.
9:25 of 1st period - Deflect By Carson Mcmillan.
9:25 of 1st period - Shot Blocked by Denis Grebeshkov.
9:25 of 1st period - Puck is out of play.
9:26 of 1st period - Nik Antropov wins face-off versus David Krejci in Predators zone.
9:35 of 1st period - Snap shot by Adam Burish.
9:35 of 1st period - Stopped by Jean-Francois Berube with a rebound.
9:41 of 1st period - Wrist shot by Carson Mcmillan.
9:41 of 1st period - Shot Misses the Net.
10:45 of 1st period - Slapshot by Petr Pohl.
10:45 of 1st period - Shot Misses the Net.
10:59 of 1st period - Jiri Fischer is hit by Ryan Mcdonagh and loses puck.
11:16 of 1st period - Wrist shot by Tye McGinn.
11:16 of 1st period - Shot Hit the Post.
11:43 of 1st period - Wrist shot by Mike Richards.
11:43 of 1st period - Deflect By Alex Picard.
11:43 of 1st period - Shot Misses the Net.
11:43 of 1st period - Puck is out of play.
11:44 of 1st period - Mikael Granlund wins face-off versus Mike Richards in Predators zone.
11:44 of 1st period - Mikael Granlund is hit by Mike Richards.
11:52 of 1st period - Mike Richards is hit by Brendan Gallagher and loses puck.
12:37 of 1st period - Snap shot by Alexander Ovechkin.
12:37 of 1st period - Shot Misses the Net.
12:39 of 1st period - Slapshot by Denis Grebeshkov.
12:39 of 1st period - Deflect By Ryan Kesler.
12:39 of 1st period - Stopped by Jean-Francois Berube with a rebound.
12:41 of 1st period - Slapshot by Nate Schmidt.
12:41 of 1st period - Shot Misses the Net.
12:43 of 1st period - Wrist shot by Alexander Ovechkin.
12:43 of 1st period - Shot Misses the Net.
13:15 of 1st period - Brendan Gallagher is hit by Michael Haley and loses puck.
13:20 of 1st period - Snap shot by Petr Pohl.
13:20 of 1st period - Stopped by Viktor Fasth with a rebound.
13:22 of 1st period - Wrist shot by Maxim Lapierre.
13:22 of 1st period - Shot Misses the Net.
13:24 of 1st period - Slapshot by Philip Samuelsson.
13:24 of 1st period - Stopped by Viktor Fasth with a rebound.
13:31 of 1st period - Icing by Brendan Gallagher.
13:32 of 1st period - Byron Bitz wins face-off versus David Krejci in Predators zone.
13:32 of 1st period - Byron Bitz is hit by David Krejci.
13:38 of 1st period - Ryan Murray is hit by Karl Alzner and loses puck.
13:43 of 1st period - Wrist shot by Dany Heatley.
13:43 of 1st period - Goal by Dany Heatley - Red Wings : 2 - Predators : 1.
13:44 of 1st period - Nick Bjugstad wins face-off versus Ryan Kesler in neutral zone.
14:22 of 1st period - Off-side.
14:23 of 1st period - Mike Richards wins face-off versus Andy Miele in neutral zone.
14:36 of 1st period - Wrist shot by Connor Brown.
14:36 of 1st period - Shot Blocked by Alexander Steen.
14:38 of 1st period - Wrist shot by Mike Richards.
14:38 of 1st period - Shot Blocked by Byron Bitz.
14:44 of 1st period - Minor Penalty to Byron Bitz for Roughing.
14:45 of 1st period - Adam Burish wins face-off versus Mike Richards in Predators zone.
16:44 of 1st period - Penalty to Byron Bitz is over, Byron Bitz is back on ice.
16:56 of 1st period - Ryan Murray is hit by David Krejci and loses puck.
17:09 of 1st period - Maxim Lapierre is hit by Niclas Bergfors and loses puck.
17:18 of 1st period - Niclas Bergfors is hit by Petr Pohl and loses puck.
17:55 of 1st period - Denis Grebeshkov is hit by Mike Richards and loses puck.
18:30 of 1st period - Slapshot by Alexander Ovechkin.
18:30 of 1st period - Stopped by Jean-Francois Berube without a rebound.
18:31 of 1st period - Ryan Kesler wins face-off versus Nick Bjugstad in Red Wings zone.
18:32 of 1st period - Snap shot by Niclas Bergfors.
18:32 of 1st period - Stopped by Jean-Francois Berube with a rebound.
18:34 of 1st period - Snap shot by Niclas Bergfors.
18:34 of 1st period - Stopped by Jean-Francois Berube with a rebound.
18:36 of 1st period - Snap shot by Niclas Bergfors.
18:36 of 1st period - Deflect By Alexander Ovechkin.
18:36 of 1st period - Stopped by Jean-Francois Berube without a rebound.
18:37 of 1st period - Mike Richards wins face-off versus Ryan Kesler in Red Wings zone.
18:50 of 1st period - Wrist shot by Niclas Bergfors.
18:50 of 1st period - Stopped by Jean-Francois Berube with a rebound.
18:52 of 1st period - Wrist shot by Niclas Bergfors.
18:52 of 1st period - Stopped by Jean-Francois Berube with a rebound.
19:24 of 1st period - Wrist shot by David Krejci.
19:24 of 1st period - Shot Blocked by Andy Miele.
Goals for this period are 2 for Red Wings vs 1 for Predators.
Shots for this period are 5 for Red Wings vs 16 for Predators.

2nd period


0:01 of 2nd period - Nick Bjugstad wins face-off versus Ryan Kesler in neutral zone.
0:01 of 2nd period - Tye McGinn is hit by Ryan Kesler and loses puck.
0:08 of 2nd period - Alexander Ovechkin is hit by Nick Bjugstad and loses puck.
0:26 of 2nd period - Mike Richards is hit by Brendan Gallagher and loses puck.
0:35 of 2nd period - Slapshot by Philip Samuelsson.
0:35 of 2nd period - Stopped by Viktor Fasth without a rebound.
0:36 of 2nd period - Nick Bjugstad wins face-off versus Ryan Kesler in Predators zone.
0:43 of 2nd period - Wrist shot by Tye McGinn.
0:43 of 2nd period - Shot Misses the Net.
0:58 of 2nd period - Icing by Ryan Kesler.
0:59 of 2nd period - Mike Richards wins face-off versus Ryan Kesler in Predators zone.
1:00 of 2nd period - Snap shot by Alex Picard.
1:00 of 2nd period - Shot Hit the Post.
1:02 of 2nd period - Snap shot by Mike Richards.
1:02 of 2nd period - Stopped by Viktor Fasth with a rebound.
1:24 of 2nd period - Snap shot by Niclas Bergfors.
1:24 of 2nd period - Shot Misses the Net.
1:40 of 2nd period - Snap shot by Alex Picard.
1:40 of 2nd period - Shot Misses the Net.
1:42 of 2nd period - Snap shot by Connor Brown.
1:42 of 2nd period - Stopped by Viktor Fasth without a rebound.
1:43 of 2nd period - Nick Bjugstad wins face-off versus Mikael Granlund in Predators zone.
1:44 of 2nd period - Snap shot by Tye McGinn.
1:44 of 2nd period - Shot Misses the Net.
1:48 of 2nd period - Snap shot by Tye McGinn.
1:48 of 2nd period - Shot Misses the Net.
1:50 of 2nd period - Wrist shot by Tomas Kopecky.
1:50 of 2nd period - Shot Misses the Net.
2:17 of 2nd period - Wrist shot by Andy Miele.
2:17 of 2nd period - Deflect By Alexander Steen.
2:17 of 2nd period - Shot Misses the Net.
2:17 of 2nd period - Puck is out of play.
2:18 of 2nd period - Nick Bjugstad wins face-off versus Mikael Granlund in Red Wings zone.
4:29 of 2nd period - Icing by Andy Miele.
4:30 of 2nd period - Andy Miele wins face-off versus Maxim Lapierre in Predators zone.
4:30 of 2nd period - Andy Miele is hit by Petr Pohl.
4:42 of 2nd period - Snap shot by Andy Miele.
4:42 of 2nd period - Stopped by Jean-Francois Berube with a rebound.
4:44 of 2nd period - Snap shot by Alexander Steen.
4:44 of 2nd period - Shot Misses the Net.
4:46 of 2nd period - Wrist shot by Byron Bitz.
4:46 of 2nd period - Shot Misses the Net.
5:26 of 2nd period - Wrist shot by Connor Brown.
5:26 of 2nd period - Shot Misses the Net.
5:56 of 2nd period - Andy Miele is hit by Petr Pohl and loses puck.
6:26 of 2nd period - Tomas Kopecky is hit by Alexander Ovechkin and loses puck.
7:03 of 2nd period - Alex Picard is hit by Byron Bitz and loses puck.
7:08 of 2nd period - Snap shot by Alexander Steen.
7:08 of 2nd period - Shot Misses the Net.
7:10 of 2nd period - Slapshot by Nate Schmidt.
7:10 of 2nd period - Shot Misses the Net.
7:12 of 2nd period - Slapshot by Denis Grebeshkov.
7:12 of 2nd period - Stopped by Jean-Francois Berube with a rebound.
7:14 of 2nd period - Slapshot by Andy Miele.
7:14 of 2nd period - Shot Blocked by Ole-Kristian Tollefsen.
7:52 of 2nd period - Wrist shot by Tye McGinn.
7:52 of 2nd period - Deflect By Tomas Kopecky.
7:52 of 2nd period - Shot Misses the Net.
7:52 of 2nd period - Puck is out of play.
7:53 of 2nd period - Ryan Kesler wins face-off versus Mike Richards in Predators zone.
8:47 of 2nd period - Byron Bitz is hit by David Krejci and loses puck.
8:52 of 2nd period - Snap shot by Dany Heatley.
8:52 of 2nd period - Stopped by Viktor Fasth without a rebound.
8:53 of 2nd period - Ryan Kesler wins face-off versus Mike Richards in Predators zone.
8:53 of 2nd period - Ryan Kesler is hit by Mike Richards.
9:07 of 2nd period - Slapshot by Niclas Bergfors.
9:07 of 2nd period - Shot Blocked by Ryan O'Byrne.
9:09 of 2nd period - Minor Penalty to Connor Brown for Holding.
9:10 of 2nd period - Ryan Kesler wins face-off versus Dany Heatley in Red Wings zone.
9:19 of 2nd period - Snap shot by Niclas Bergfors.
9:19 of 2nd period - Deflect By Alexander Ovechkin.
9:19 of 2nd period - Shot Blocked by Ryan O'Byrne.
9:19 of 2nd period - Puck is out of play.
9:20 of 2nd period - Dany Heatley wins face-off versus Ryan Kesler in Red Wings zone.
9:25 of 2nd period - Slapshot by Jiri Fischer.
9:25 of 2nd period - Shot Misses the Net.
9:27 of 2nd period - Minor Penalty to Niclas Bergfors for Hooking.
9:28 of 2nd period - Ryan Kesler wins face-off versus Mike Richards in Predators zone.
9:55 of 2nd period - Alexander Ovechkin is hit by Mike Richards.
10:17 of 2nd period - Snap shot by Justin Abdelkader.
10:17 of 2nd period - Stopped by Jean-Francois Berube with a rebound.
11:09 of 2nd period - Penalty to Connor Brown is over, Connor Brown is back on ice.
11:27 of 2nd period - Penalty to Niclas Bergfors is over, Niclas Bergfors is back on ice.
11:33 of 2nd period - Wrist shot by John Moore.
11:33 of 2nd period - Shot Misses the Net.
11:52 of 2nd period - Denis Grebeshkov is hit by David Krejci and loses puck.
12:54 of 2nd period - Icing by Andrew Alberts.
12:55 of 2nd period - David Krejci wins face-off versus Justin Abdelkader in Red Wings zone.
13:06 of 2nd period - Backhand shot by Adam Burish.
13:06 of 2nd period - Stopped by Jean-Francois Berube without a rebound.
13:07 of 2nd period - Ryan Kesler wins face-off versus Mike Richards in Red Wings zone.
13:10 of 2nd period - Wrist shot by Alexander Ovechkin.
13:10 of 2nd period - Stopped by Jean-Francois Berube without a rebound.
13:11 of 2nd period - Ryan Kesler wins face-off versus Mike Richards in Red Wings zone.
13:16 of 2nd period - Snap shot by Niclas Bergfors.
13:16 of 2nd period - Stopped by Jean-Francois Berube without a rebound.
13:17 of 2nd period - Mike Richards wins face-off versus Ryan Kesler in Red Wings zone.
13:17 of 2nd period - Mike Richards is hit by Alexander Ovechkin.
13:39 of 2nd period - Snap shot by Alexander Ovechkin.
13:39 of 2nd period - Shot Misses the Net.
13:51 of 2nd period - Minor Penalty to Ryan O'Byrne for Elbowing.
13:52 of 2nd period - Mikael Granlund wins face-off versus David Krejci in Red Wings zone.
14:48 of 2nd period - Dany Heatley is hit by Alexander Ovechkin and loses puck.
15:51 of 2nd period - Penalty to Ryan O'Byrne is over, Ryan O'Byrne is back on ice.
15:55 of 2nd period - Slapshot by Ole-Kristian Tollefsen.
15:55 of 2nd period - Stopped by Viktor Fasth without a rebound.
15:56 of 2nd period - Andy Miele wins face-off versus Nick Bjugstad in Predators zone.
16:46 of 2nd period - Snap shot by Brendan Gallagher.
16:46 of 2nd period - Stopped by Jean-Francois Berube with a rebound.
16:48 of 2nd period - Snap shot by Mikael Granlund.
16:48 of 2nd period - Goal by Mikael Granlund - Red Wings : 2 - Predators : 2.
16:49 of 2nd period - Nick Bjugstad wins face-off versus Ryan Kesler in neutral zone.
16:56 of 2nd period - Backhand shot by Tye McGinn.
16:56 of 2nd period - Stopped by Viktor Fasth without a rebound.
16:57 of 2nd period - Nick Bjugstad wins face-off versus Ryan Kesler in Predators zone.
17:10 of 2nd period - Slapshot by Nick Bjugstad.
17:10 of 2nd period - Goal by Nick Bjugstad - Red Wings : 3 - Predators : 2.
17:11 of 2nd period - Ryan Kesler wins face-off versus Nick Bjugstad in neutral zone.
17:23 of 2nd period - Slapshot by Alexander Edler.
17:23 of 2nd period - Stopped by Jean-Francois Berube with a rebound.
18:44 of 2nd period - Minor Penalty to Mikael Granlund for Slashing.
18:45 of 2nd period - Andy Miele wins face-off versus Mike Richards in Predators zone.
18:57 of 2nd period - Wrist shot by Alex Picard.
18:57 of 2nd period - Deflect By Mike Richards.
18:57 of 2nd period - Stopped by Viktor Fasth with a rebound.
19:19 of 2nd period - Snap shot by Tye McGinn.
19:19 of 2nd period - Shot Misses the Net.
19:21 of 2nd period - Snap shot by Philip Samuelsson.
19:21 of 2nd period - Shot Misses the Net.
Goals for this period are 1 for Red Wings vs 1 for Predators.
Shots for this period are 8 for Red Wings vs 9 for Predators.

3rd period


0:01 of 3rd period - Mike Richards wins face-off versus Andy Miele in neutral zone.
0:44 of 3rd period - Penalty to Mikael Granlund is over, Mikael Granlund is back on ice.
0:51 of 3rd period - Slapshot by John Moore.
0:51 of 3rd period - Shot Misses the Net.
0:53 of 3rd period - Snap shot by Mikael Granlund.
0:53 of 3rd period - Stopped by Jean-Francois Berube with a rebound.
0:55 of 3rd period - Slapshot by John Moore.
0:55 of 3rd period - Stopped by Jean-Francois Berube with a rebound.
0:57 of 3rd period - Backhand shot by Mikael Granlund.
0:57 of 3rd period - Shot Misses the Net.
0:59 of 3rd period - Snap shot by James Van Riemsdyk.
0:59 of 3rd period - Stopped by Jean-Francois Berube with a rebound.
1:15 of 3rd period - Wrist shot by Dany Heatley.
1:15 of 3rd period - Stopped by Viktor Fasth with a rebound.
1:17 of 3rd period - Slapshot by Carson Mcmillan.
1:17 of 3rd period - Stopped by Viktor Fasth without a rebound.
1:18 of 3rd period - James Van Riemsdyk wins face-off versus Nick Bjugstad in Predators zone.
1:47 of 3rd period - Ryan Kesler is hit by Dany Heatley and loses puck.
2:58 of 3rd period - Wrist shot by Mikael Granlund.
2:58 of 3rd period - Shot Misses the Net.
3:40 of 3rd period - Wrist shot by David Krejci.
3:40 of 3rd period - Stopped by Viktor Fasth with a rebound.
3:42 of 3rd period - Snap shot by Dany Heatley.
3:42 of 3rd period - Shot Blocked by Alexander Edler.
3:44 of 3rd period - Wrist shot by David Krejci.
3:44 of 3rd period - Stopped by Viktor Fasth without a rebound.
3:45 of 3rd period - Ryan Kesler wins face-off versus Nick Bjugstad in Predators zone.
3:47 of 3rd period - Double Minor Penalty to Niclas Bergfors for High sticking.
3:48 of 3rd period - Andy Miele wins face-off versus Mike Richards in Predators zone.
3:48 of 3rd period - Andy Miele is hit by Connor Brown.
4:24 of 3rd period - Wrist shot by Nick Bjugstad.
4:24 of 3rd period - Deflect By Tye McGinn.
4:24 of 3rd period - Shot Misses the Net.
4:24 of 3rd period - Puck is out of play.
4:25 of 3rd period - Alexander Ovechkin wins face-off versus Mike Richards in Predators zone.
4:36 of 3rd period - Slapshot by John Moore.
4:36 of 3rd period - Shot Misses the Net.
4:51 of 3rd period - Connor Brown is hit by Adam Burish and loses puck.
4:58 of 3rd period - Wrist shot by Ole-Kristian Tollefsen.
4:58 of 3rd period - Deflect By Mike Richards.
4:58 of 3rd period - Goal by Mike Richards - Red Wings : 4 - Predators : 2.
4:58 of 3rd period - Anders Lindback enters game.
4:59 of 3rd period - Nick Bjugstad wins face-off versus Andy Miele in neutral zone.
6:11 of 3rd period - Brendan Gallagher is hit by Jiri Fischer.
6:15 of 3rd period - Jiri Fischer is hit by Alexander Ovechkin and loses puck.
6:58 of 3rd period - Penalty to Niclas Bergfors is over, Niclas Bergfors is back on ice.
7:18 of 3rd period - Slapshot by Ryan Mcdonagh.
7:18 of 3rd period - Deflect By Dany Heatley.
7:18 of 3rd period - Stopped by Jean-Francois Berube with a rebound.
7:34 of 3rd period - Wrist shot by Niclas Bergfors.
7:34 of 3rd period - Goal by Niclas Bergfors - Red Wings : 4 - Predators : 3.
7:35 of 3rd period - Mikael Granlund wins face-off versus Nick Bjugstad in neutral zone.
8:01 of 3rd period - Niclas Bergfors is hit by Ryan O'Byrne and loses puck.
8:42 of 3rd period - Slapshot by Ole-Kristian Tollefsen.
8:42 of 3rd period - Stopped by Anders Lindback with a rebound.
8:44 of 3rd period - Snap shot by Petr Pohl.
8:44 of 3rd period - Deflect By Michael Haley.
8:44 of 3rd period - Shot Hit the Post.
8:44 of 3rd period - Puck is out of play.
8:45 of 3rd period - Ryan Kesler wins face-off versus Maxim Lapierre in Predators zone.
9:03 of 3rd period - Minor Penalty to Petr Pohl for Interference.
9:04 of 3rd period - David Krejci wins face-off versus Ryan Kesler in Red Wings zone.
9:04 of 3rd period - David Krejci is hit by Ryan Mcdonagh.
9:20 of 3rd period - Backhand shot by Alexander Ovechkin.
9:20 of 3rd period - Shot Misses the Net.
9:30 of 3rd period - Andrew Alberts is hit by Mikael Granlund and loses puck.
9:41 of 3rd period - Ryan O'Byrne is hit by Brendan Gallagher and loses puck.
9:54 of 3rd period - Jiri Fischer is hit by Alexander Ovechkin and loses puck.
11:03 of 3rd period - Penalty to Petr Pohl is over, Petr Pohl is back on ice.
11:15 of 3rd period - Wrist shot by Nik Antropov.
11:15 of 3rd period - Shot Blocked by Ryan O'Byrne.
11:17 of 3rd period - Snap shot by Nik Antropov.
11:17 of 3rd period - Shot Misses the Net.
11:19 of 3rd period - Slapshot by Nate Schmidt.
11:19 of 3rd period - Shot Misses the Net.
11:21 of 3rd period - Snap shot by Nik Antropov.
11:21 of 3rd period - Deflect By Justin Abdelkader.
11:21 of 3rd period - Stopped by Jean-Francois Berube with a rebound.
11:38 of 3rd period - Wrist shot by Tye McGinn.
11:38 of 3rd period - Shot Blocked by Alexander Edler.
11:40 of 3rd period - Slapshot by Tomas Kopecky.
11:40 of 3rd period - Goal by Tomas Kopecky - Red Wings : 5 - Predators : 3.
11:41 of 3rd period - Nick Bjugstad wins face-off versus Ryan Kesler in neutral zone.
12:06 of 3rd period - Alex Picard is hit by Brendan Gallagher and loses puck.
12:13 of 3rd period - Slapshot by Brendan Gallagher.
12:13 of 3rd period - Shot Misses the Net.
12:53 of 3rd period - Slapshot by Tomas Kopecky.
12:53 of 3rd period - Stopped by Anders Lindback without a rebound.
12:54 of 3rd period - Nick Bjugstad wins face-off versus Ryan Kesler in Predators zone.
13:33 of 3rd period - Snap shot by Brendan Gallagher.
13:33 of 3rd period - Shot Misses the Net.
13:42 of 3rd period - Off-side.
13:43 of 3rd period - Andy Miele wins face-off versus David Krejci in neutral zone.
13:46 of 3rd period - Philip Samuelsson is hit by Alexander Steen and loses puck.
13:54 of 3rd period - Icing by Dany Heatley.
13:55 of 3rd period - Ryan Kesler wins face-off versus David Krejci in Red Wings zone.
14:02 of 3rd period - Snap shot by Dany Heatley.
14:02 of 3rd period - Shot Misses the Net.
14:26 of 3rd period - Slapshot by Jiri Fischer.
14:26 of 3rd period - Deflect By Tye McGinn.
14:26 of 3rd period - Stopped by Anders Lindback without a rebound.
14:27 of 3rd period - Nick Bjugstad wins face-off versus Mikael Granlund in Predators zone.
14:52 of 3rd period - Snap shot by Connor Brown.
14:52 of 3rd period - Shot Misses the Net.
15:04 of 3rd period - Slapshot by Alex Picard.
15:04 of 3rd period - Goal by Alex Picard - Red Wings : 6 - Predators : 3.
15:05 of 3rd period - Nick Bjugstad wins face-off versus Ryan Kesler in neutral zone.
15:51 of 3rd period - Jiri Fischer is hit by Andy Miele and loses puck.
17:07 of 3rd period - Icing by Mikael Granlund.
17:08 of 3rd period - Tye McGinn wins face-off versus James Van Riemsdyk in Predators zone.
17:17 of 3rd period - Ryan O'Byrne is hit by Mikael Granlund and loses puck.
17:29 of 3rd period - Double Minor Penalty to Mikael Granlund for High sticking.
17:30 of 3rd period - Andy Miele wins face-off versus Mike Richards in Predators zone.
18:00 of 3rd period - Snap shot by Tye McGinn.
18:00 of 3rd period - Shot Blocked by Ryan Mcdonagh.
18:02 of 3rd period - Snap shot by Karl Alzner.
18:02 of 3rd period - Shot Blocked by Ryan Mcdonagh.
18:04 of 3rd period - Wrist shot by Tye McGinn.
18:04 of 3rd period - Shot Misses the Net.
18:06 of 3rd period - Snap shot by Tomas Kopecky.
18:06 of 3rd period - Shot Misses the Net.
19:33 of 3rd period - Nate Schmidt is hit by Jiri Fischer and loses puck.
19:46 of 3rd period - Wrist shot by Petr Pohl.
19:46 of 3rd period - Stopped by Anders Lindback with a rebound.
Goals for this period are 3 for Red Wings vs 1 for Predators.
Shots for this period are 11 for Red Wings vs 6 for Predators.